 Dungeon Crawl Stone Soup version 0.32-a0-975-g85d4e5bfdb (webtiles) character file.

Game seed: 6196767084719980124

64 GordonOverkill the Sneak (level 3, 0/33 HPs)
             Began as a Draconian Delver on Apr 19, 2024.
             Succumbed to a kobold's poison
             ... on level 2 of the Dungeon.
             The game lasted 00:05:15 (2954 turns).

GordonOverkill the Sneak (Draconian Delver)         Turns: 2954, Time: 00:05:15

Health: 0/33       AC:  6    Str: 11 (14) XL:     3   Next: 91%
Magic:  3/3        EV: 11    Int: 11 (12) God:
Gold:   128        SH:  0    Dex: 10 (12) Spells: 2/2 levels left

rFire   . . .        a - +0 short sword
rCold   . . .        (no shield)
rNeg    . . .        (body armour unavailable)
rPois   .            (helmet restricted)
rElec   .            g - +0 cloak
rCorr   .            (no gloves)
SInv    .            (no boots)
Will    +....        (no amulet)
Stlth   +++          (no ring)
HPRegen 0.25/turn    (no ring)
MPRegen 0.08/turn

%: no passive effects
@: lethally poisoned (0 -> -2), attractive, enlightened, flying (expiring)
A: AC +5, unfitting armour, cold-blooded
a: no special abilities


You were on level 2 of the Dungeon.
You visited 1 branch of the dungeon, and saw 6 of its levels.

You collected 128 gold pieces.

Inventory:

Hand Weapons
 a - a +0 short sword (weapon)
 d - a +2 short sword of venom
Armour
 g - a +0 cloak (worn)
Wands
 f - a wand of digging (1)
Scrolls
 b - a scroll of fog
 c - a scroll of revelation
 h - a scroll of fear
 i - a scroll of amnesia {unknown}
 j - 3 scrolls of teleportation {unknown}
 k - a scroll of identify {unknown}
Potions
 e - a potion of degeneration


   Skills:
 + Level 3.9 Fighting
 + Level 2.7 Short Blades
 + Level 2.4 Dodging
 + Level 4.9 Stealth


You had 2 spell levels left.
You didn't know any spells.
Your spell library contained the following spells:

 Spells                   Type           Power      Damage    Failure   Level
 Magic Dart               Conj           0%         1d3       34%         1
 Mercury Vapours          Alch/Air       0%         N/A       47%         2
 Searing Ray              Conj           0%         2d4       47%         2
 Mephitic Cloud           Conj/Alch/Air  0%         N/A       71%         3
 Stone Arrow              Conj/Erth      0%         3d7       71%         3
 Fulminant Prism          Conj/Alch      0%         3d5       98%         4
 Freezing Cloud           Conj/Ice/Air   0%         6-21      100%        5
 Seismic Cannonade        Alch/Erth      0%         6d4       100%        7
 Lehudib's Crystal Spear  Conj/Erth      0%         10d2      100%        8
 Animate Armour           Summ/Erth      Unusable   N/A       N/A         4

Dungeon Overview and Level Annotations

Branches:
Dungeon (6/15)
 Temple: D:4-7

Altars:

Annotations:
D:2 Sigmund


Innate Abilities, Weirdness & Mutations

Your plain brown scales are hard. (AC +5)
You cannot fit into any form of body armour.
You are cold-blooded and may be slowed by cold attacks.


Message History

You hit the kobold but do no damage.
Your tail-slap misses the kobold.
The kobold is moderately wounded.
You feel sick.
The kobold hits you with a +2 short sword of venom.
* * * LOW HITPOINT WARNING * * *
You are more poisoned.
You hit the kobold.
The kobold is severely wounded.
You feel very sick. The kobold hits you but does no damage.
You are lethally poisoned!
You hit the kobold.
You kill the kobold!
* * * LOW HITPOINT WARNING * * *
You feel very sick.
* * * LOW HITPOINT WARNING * * *
You feel very sick.
Things that are here:
a +2 short sword of venom; a kobold corpse
* * * LOW HITPOINT WARNING * * *
You feel very sick.
Okay, then.
* * * LOW HITPOINT WARNING * * *
You feel very sick.
* * * LOW HITPOINT WARNING * * *
You feel sick.
Things that are here:
a +2 short sword of venom; a kobold corpse
d - a +2 short sword of venom
* * * LOW HITPOINT WARNING * * *
You feel sick.
Okay, then.
* * * LOW HITPOINT WARNING * * *
You feel sick.
You are starting to lose your buoyancy.
* * * LOW HITPOINT WARNING * * *
You feel sick.
* * * LOW HITPOINT WARNING * * *
You feel sick.
You die...

#.##.####.# #.#########.#
#####.##.##...# #.# #.#
....#.##......# #.# #.#
###.#.#####.#.# #.# #.#
#.#.#####.#.#####.# #.#
#.#.##.>..........# #.#
#...##.##.........# #.#
#.#.##.####.####..# #.#
#.#.......†...@...#########.#
###.#.....[....###............#
....####.####..# #.############
####. .(.# #..###.# .[.#.# #.#
##.....# #..#. #.# #.###÷#
@###.# #.# #.# w....#####.###.#
#.##.# #<..........#


There were no monsters in sight!

Vanquished Creatures
  A gnoll (D:1)
  An adder (D:2)
  3 dart slugs
  An orc (D:5)
  3 bats (D:1)
  A giant cockroach (D:1)
  6 goblins
  3 hobgoblins
  6 kobolds
  4 quokkas (D:1)
  4 ball pythons (D:1)
  2 frilled lizards (D:2)
  A rat (D:1)
36 creatures vanquished.

Notes
Turn   | Place    | Note
-------+----------+-------------------------------------------
     0 | D:5      | GordonOverkill the Draconian Delver began the quest for the
                  | Orb.
     0 | D:5      | Reached XP level 1. HP: 19/19 MP: 1/1
    46 | D:6      | Noticed an ice beast
    46 | D:6      | Noticed a centaur
   171 | D:6      | Noticed an acid dragon
   241 | D:3      | Noticed a hound
   413 | D:2      | Reached XP level 2. HP: 26/26 MP: 2/2
   626 | D:1      | Reached XP level 3. HP: 28/33 MP: 3/3
  1070 | D:2      | Noticed Sigmund
  1446 | D:1      | Found a faded altar of an unknown god.
  1940 | D:1      | Found a faded altar of an unknown god.
  2334 | D:1      | Found a faded altar of an unknown god.
  2953 | D:2      | HP: 1/33 [poisoned by a kobold]
  2954 | D:2      | Succumbed to a kobold's poison

Illustrated notes

Levels and vault maps discovered:
D:1:      lightli_arrival_quake, layout_rooms, serial_glass, glass_columns_b,
          glass_columns_c, due_unseen_surprise, feat_on_display,
          item_on_display_a, minmay_strange_pillars,
          shapermc_ecumenical_altar_notcrosses
D:2:      layout_loops_ring, patterned_corridor, uniq_sigmund
D:3:      layout_basic
D:4:      layout_cave_pools
D:5:      layout_rooms, minmay_misc_feat_x, serial_park_tiny_2,
          dreamdust_wishing_well
D:6:      layout_gridville, st_stairs_9

Skill      XL: |  1 |
---------------+----+-----
Dodging        | 2 |  2.4
Fighting       | |  3.9
Short Blades   | |  2.7
Stealth        | |  4.9

Action                     || total
---------------------------++-------
  Melee: Short sword       ||   166
         Tailslap          ||    16
  Throw: Dart              ||     5
  Evoke: Wand              ||     2
    Use: Potion            ||     6
         Scroll            ||     1
   Stab: Sleeping          ||     4
 Armour: Skin              ||   119
  Dodge: Dodged            ||   106

Table legend: (Time is in decaauts)
 A = Elapsed time spent in this place.
 B = Non-inter-level travel time spent in this place.
 C = Inter-level travel time spent in this place.
 D = Time resting spent in this place.
 E = Time spent auto-exploring this place.
 F = Levels seen in this place.
 G = Mean time per level.
                   A        B        C        D        E       F      G
               +--------+--------+--------+--------+--------+-----+--------+
         Total |   2921 |   2780 |    141 |    484 |   1688 |   6 |  486.8 |
       Dungeon |   2921 |   2780 |    141 |    484 |   1688 |   6 |  486.8 |
               +--------+--------+--------+--------+--------+-----+--------+

Top non-repeatable levels by time:
     D:1: 1710 daAuts
     D:2: 959 daAuts
     D:6: 99 daAuts
     D:5: 83 daAuts
     D:3: 54 daAuts
     D:4: 14 daAuts
